 Dungeon Crawl Stone Soup version 0.30-a0-414-gcb316572d5 (webtiles) character file.

Game seed: 9266809178229192561

74 sleeves the Insei (level 4, -2/32 HPs)
             Began as a Demonspawn Transmuter on Dec 8, 2022.
             Slain by an orc priest
             ... wielding a +0 hand axe
              (4 damage)
             ... on level 3 of the Dungeon.
             The game lasted 00:02:15 (1974 turns).

sleeves the Insei (Demonspawn Transmuter)           Turns: 1974, Time: 00:02:16

Health: -2/32      AC:  2    Str: 13    XL:     4   Next: 10%
Magic:  7/7        EV: 12    Int: 14    God:
Gold:   31         SH:  0    Dex: 13    Spells: 6/7 levels left

rFire   . . .      SeeInvis .      - Unarmed
rCold   . . .      Faith    .    (no shield)
rNeg    . . .      Spirit   .    a - +0 robe
rPois   .          Reflect  .    (helmet currently unavailable)
rElec   .          Harm     .    (no cloak)
rCorr   .          Rampage  .    (no gloves)
Will    .....                    (boots currently unavailable)
Stlth   +.........               (no amulet)
HPRegen 0.25/turn                (no ring)
MPRegen 0.10/turn                (no ring)

@: appendages (expiring)
A: horns 2, talons 2, hooves 1, powered by death 1, sturdy frame 1
a: End Transformation


You were on level 3 of the Dungeon.
You had temporarily grown beastly horns and talons.
You visited 1 branch of the dungeon, and saw 4 of its levels.

You collected 31 gold pieces.

Inventory:

Missiles
 g - 6 curare-tipped darts
 k - 3 poisoned darts
Armour
 a - a +0 robe (worn)
Scrolls
 c - a scroll of enchant armour {unknown}
 d - a scroll of enchant weapon {unknown}
 e - a scroll of vulnerability {unknown}
 i - 2 scrolls of identify {unknown}
 l - a scroll of brand weapon {unknown}
 m - a scroll of teleportation {unknown}
 n - a scroll of silence {unknown}
Potions
 b - a potion of lignification
 f - 2 potions of curing {unknown}
 h - 2 potions of heal wounds {unknown}
 j - a potion of magic {unknown}
 o - a potion of ambrosia {unknown}


   Skills:
 - Level 1.0 Fighting
 - Level 1.7 Dodging
 + Level 4.5 Unarmed Combat
 - Level 2.0 Spellcasting
 - Level 1.7 Transmutations


You had 6 spell levels left.
You knew the following spells:

 Your Spells              Type           Power      Damage    Failure   Level
a - Beastly Appendage     Tmut           12%        N/A       12%         1

Your spell library contained the following spells:

 Spells                   Type           Power      Damage    Failure   Level
 Wereblood                Tmut           6%         N/A       17%         2
 Cigotuvi's Dreadful Rot  Necr/Pois/Air  2%         N/A       34%         2
 Ensorcelled Hibernation  Hex/Ice        2%         N/A       34%         2
 Poisonous Vapours        Pois/Air       2%         N/A       34%         2
 Spider Form              Tmut/Pois      3%         N/A       45%         3
 Mephitic Cloud           Conj/Pois/Air  1%         N/A       56%         3
 Vhi's Electric Charge    Tloc/Air       2%         N/A       56%         3
 Ice Form                 Ice/Tmut       3%         N/A       86%         4
 Anguish                  Hex/Necr       0%         N/A       93%         4
 Arcjolt                  Conj/Air       0%         1d10      100%        5
 Maxwell's Capacitive Co  Air            0%         ∞         100%        8


Dungeon Overview and Level Annotations

Branches:
Dungeon (4/15)
 Temple: D:4-7

Altars:
Xom


Innate Abilities, Weirdness & Mutations

You have temporarily grown beastly horns and talons.
You have large cloven feet.
You regenerate a little health from kills.
Your movements are slightly less encumbered by armour. (ER -2)


Message History

Welcome, sleeves the Demonspawn Transmuter.
It is said that the Orb of Zot exists deep within this dungeon.
Press ? for a list of commands and other information.
Found 7 stones and a leather armour.
Found a staircase leading out of the dungeon.
c - a scroll labelled DEOCZU QA SURPHUST
d - a scroll labelled LOLOPSIMYM An endoplasm comes into view.
Found a spear.
The endoplasm quivers.
You grow a pair of large bovine horns.
Your feet morph into talons.
You hit the endoplasm.
The endoplasm is almost dead.
You hit the endoplasm.
You kill the endoplasm!
No target in view!
Your transformation is almost over.
Magic restored.
A hobgoblin comes into view.
The hobgoblin shouts!
A hobgoblin is nearby!
A hobgoblin is nearby!
A hobgoblin is nearby!
You extend your transformation's duration.
You barely miss the hobgoblin. Your kick misses the hobgoblin.
You headbutt the hobgoblin.
The hobgoblin is severely wounded.
The hobgoblin closely misses you.
You closely miss the hobgoblin.
The hobgoblin is severely wounded.
The hobgoblin closely misses you.
You completely miss the hobgoblin.
The hobgoblin is severely wounded.
Your transformation is almost over.
The hobgoblin hits you.
You hit the hobgoblin.
You kill the hobgoblin!
No target in view!
No target in view!
No target in view!
No target in view!
Your horns disappear.
Your talons disappear.
HP restored.
e - a scroll labelled BAPTEU POICK A goblin comes into view.
It is wielding a +0 dagger.
Found 2 inky potions.
A goblin is nearby!
You grow a pair of large bovine horns.
Your feet morph into talons.
The goblin barely misses you.
You hit the goblin.
You kill the goblin!
Your Unarmed Combat skill increases to level 3!
No target in view!
No target in view!
No target in view!
No target in view!
No target in view!
Your transformation is almost over.
You see here a +0 dagger.
f - 2 inky potions Your horns disappear.
Your talons disappear.
A frilled lizard comes into view.
Found a chain mail.
A frilled lizard is nearby!
A frilled lizard is nearby!
Found a stone staircase leading down.
Found 6 curare-tipped darts.
The frilled lizard hisses angrily.
You grow a pair of large bovine horns.
Your feet morph into talons.
You miss the frilled lizard. Your kick misses the frilled lizard.
Your headbutt misses the frilled lizard.
The frilled lizard misses you.
You hit the frilled lizard.
You kill the frilled lizard!
No target in view!
No target in view!
No target in view!
No target in view!
No target in view!
Your transformation is almost over.
Your horns disappear.
Your talons disappear.
A giant cockroach comes into view.
Found a ring mail.
A giant cockroach is nearby!
A giant cockroach is nearby!
Found 8 gold pieces.
You grow a pair of large bovine horns.
Your feet morph into talons.
You hit the giant cockroach but do no damage.
You headbutt the giant cockroach.
You kill the giant cockroach!
No target in view!
No target in view!
No target in view!
No target in view!
You see here 6 curare-tipped darts.
g - 6 curare-tipped darts Your transformation is almost over.
Your horns disappear.
Your talons disappear.
You now have 8 gold pieces.
A hobgoblin comes into view.
The hobgoblin shouts!
You see here a coppery potion.
A hobgoblin is nearby!
A bat comes into view.
The bat completely misses you.
You miss the bat. The bat hits you but does no damage.
You barely miss the hobgoblin. The bat barely misses you.
The hobgoblin hits you.
You barely miss the hobgoblin. The bat hits you.
The hobgoblin closely misses you.
You hit the hobgoblin.
You kill the hobgoblin!
The bat closely misses you.
You barely miss the bat. The bat hits you but does no damage.
The bat hits you. x2
You see here a hobgoblin corpse.
You closely miss the bat. The bat barely misses you.
You grow a pair of large bovine horns.
Your feet morph into talons.
The bat misses you. x2
You barely miss the bat. The bat closely misses you. The bat hits you.
You miss the bat. You claw the bat, but do no damage.
Your headbutt misses the bat. The bat misses you.
You closely miss the bat. Your kick misses the bat.
Your headbutt misses the bat. The bat closely misses you.
You hit the bat.
The bat is severely wounded.
The bat closely misses you. The bat misses you.
You hit the bat.
You kill the bat!
Your transformation is almost over.
You have reached level 2!
Your demonic ancestry asserts itself...
You feel less encumbered by your armour.
Your horns disappear.
Your talons disappear.
h - a coppery potion A rat comes into view.
A rat is nearby!
You miscast Beastly Appendage.
You are very lightly contaminated with residual magic.
Nothing appears to happen.
The rat closely misses you.
You hit the rat.
You kill the rat!
No target in view!
No target in view!
No target in view!
No target in view!
No target in view!
No target in view!
Your magical contamination has completely faded away.
A goblin comes into view. It is wielding a +0 dagger.
The goblin shouts!
A goblin is nearby!
A goblin is nearby!
You grow a pair of large bovine horns.
Your feet morph into talons.
You closely miss the goblin. You claw the goblin, but do no damage.
You hit the goblin. You claw the goblin.
You kill the goblin!
No target in view!
No target in view!
No target in view!
No target in view!
A hobgoblin comes into view.
A hobgoblin is nearby!
A hobgoblin is nearby!
Your transformation is almost over.
The hobgoblin hits you but does no damage.
You hit the hobgoblin. You claw the hobgoblin.
You kill the hobgoblin!
No target in view!
No target in view!
No target in view!
Your horns disappear.
Your talons disappear.
Found a stone staircase leading down.
A hobgoblin comes into view.
A hobgoblin is nearby!
You grow a pair of large bovine horns.
Your feet morph into talons.
The hobgoblin shouts!
You hear a shout!
A hobgoblin comes into view.
The hobgoblin shouts!
A hobgoblin comes into view.
The hobgoblin closely misses you.
You completely miss the hobgoblin. The hobgoblin closely misses you.
You barely miss the hobgoblin.
A hobgoblin comes into view.
The hobgoblin closely misses you.
You closely miss the hobgoblin.
The hobgoblin shouts!
Your kick misses the hobgoblin. You punch the hobgoblin.
The hobgoblin is severely wounded.
The hobgoblin closely misses you.
You hit the hobgoblin but do no damage.
The hobgoblin is severely wounded.
The hobgoblin hits you.
You closely miss the hobgoblin. You claw the hobgoblin.
You kill the hobgoblin!
You hit the hobgoblin but do no damage. Your kick misses the hobgoblin.
You headbutt the hobgoblin.
You kill the hobgoblin!
Your transformation is almost over.
You closely miss the hobgoblin.
You claw the hobgoblin, but do no damage.
You headbutt the hobgoblin.
You kill the hobgoblin!
The hobgoblin hits you.
You see here a hobgoblin corpse.
You closely miss the hobgoblin.
You claw the hobgoblin, but do no damage.
The hobgoblin barely misses you.
You hit the hobgoblin.
You claw the hobgoblin, but do no damage.
Your headbutt misses the hobgoblin.
The hobgoblin is heavily wounded.
The hobgoblin hits you.
You hit the hobgoblin.
You kill the hobgoblin!
No target in view!
No target in view!
No target in view!
No target in view!
No target in view!
No target in view!
No target in view!
No target in view!
No target in view!
No target in view!
No target in view!
No target in view!
No target in view!
No target in view!
Your horns disappear.
Your talons disappear.
A bat and a hobgoblin come into view.
Found a dagger and a coppery potion.
There are monsters nearby!
There are monsters nearby!
The hobgoblin shouts!
You grow a pair of large bovine horns.
Your feet morph into talons.
The bat hits you but does no damage.
You barely miss the bat. You headbutt the bat.
The bat is severely wounded.
The bat hits you but does no damage. The bat hits you.
You barely miss the hobgoblin.
You claw the hobgoblin, but do no damage.
The bat closely misses you. The bat misses you.
The hobgoblin completely misses you.
You barely miss the bat.
The bat is severely wounded.
The bat closely misses you. The hobgoblin barely misses you.
You hit the hobgoblin.
You kill the hobgoblin!
The bat barely misses you. The bat hits you.
You hit the bat but do no damage. Your punch misses the bat.
The bat is severely wounded.
Your transformation is almost over.
The bat hits you but does no damage.
You closely miss the bat. You claw the bat.
You kill the bat!
No target in view!
No target in view!
No target in view!
No target in view!
No target in view!
No target in view!
No target in view!
No target in view!
No target in view!
No target in view!
You see here a bat corpse.
h - 2 coppery potions (gained 1)
Found a stone staircase leading down.
Your horns disappear.
Your talons disappear.
i - a scroll labelled UMAUCO UZXAO
There is a stone staircase leading down here.
You see here a hobgoblin corpse.
There is a stone staircase leading down here.
j - a cyan potion A hobgoblin comes into view.
A hobgoblin is nearby!
A hobgoblin is nearby!
You grow a pair of large bovine horns.
Your feet morph into talons.
You hit the hobgoblin. Your kick misses the hobgoblin.
Your headbutt misses the hobgoblin.
The hobgoblin is moderately wounded.
You hit the hobgoblin but do no damage.
You claw the hobgoblin, but do no damage.
The hobgoblin is moderately wounded.
The hobgoblin barely misses you.
You hit the hobgoblin but do no damage. Your kick misses the hobgoblin.
The hobgoblin is moderately wounded.
The hobgoblin hits you.
You closely miss the hobgoblin.
The hobgoblin is moderately wounded.
Your transformation is almost over.
The hobgoblin hits you.
You barely miss the hobgoblin.
The hobgoblin is moderately wounded.
The hobgoblin misses you.
You hit the hobgoblin.
You kill the hobgoblin!
No target in view!
No target in view!
Your horns disappear.
Your talons disappear.
You see here a hobgoblin corpse.
A goblin comes into view. It is wielding a +0 club.
A goblin is nearby!
A goblin is nearby!
A goblin is nearby!
You miscast Beastly Appendage.
You are very lightly contaminated with residual magic.
Nothing appears to happen.
The goblin shouts!
The goblin misses you.
You hit the goblin.
The goblin is moderately wounded.
The goblin hits you with a +0 club.
You hit the goblin.
The goblin is severely wounded.
The goblin barely misses you.
You closely miss the goblin.
The goblin is severely wounded.
The goblin hits you but does no damage.
You hit the goblin.
You kill the goblin!
No target in view!
Your magical contamination has completely faded away.
A bat comes into view.
A bat is nearby!
A bat is nearby!
A bat is nearby!
You grow a pair of large bovine horns.
Your feet morph into talons.
The bat barely misses you. The bat hits you but does no damage.
The bat barely misses you.
You miss the bat. Your kick misses the bat. You headbutt the bat.
The bat is moderately wounded.
The bat barely misses you.
You miss the bat. You claw the bat.
You kill the bat!
No target in view!
No target in view!
No target in view!
No target in view!
No target in view!
No target in view!
Your transformation is almost over.
Your horns disappear.
Your talons disappear.
A gnoll comes into view. It is wielding a +0 club.
A gnoll is nearby!
A gnoll is nearby!
You grow a pair of large bovine horns.
Your feet morph into talons.
The gnoll shouts!
The gnoll hits you with a +0 club.
You hit the gnoll.
The gnoll is heavily wounded.
The gnoll hits you with a +0 club.
You are too injured to fight recklessly!
You are too injured to fight recklessly!
You are too injured to fight recklessly!
You are too injured to fight recklessly!
You are too injured to fight recklessly!
You are too injured to fight recklessly!
You are too injured to fight recklessly!
You are too injured to fight recklessly!
You are too injured to fight recklessly!
You are too injured to fight recklessly!
You are too injured to fight recklessly!
You hit the gnoll but do no damage. Your kick misses the gnoll.
The gnoll is heavily wounded.
The gnoll closely misses you.
You hit the gnoll. Your kick misses the gnoll. You headbutt the gnoll.
You kill the gnoll!
You have reached level 3!
Your experience leads to an increase in your attributes!
Increase (S)trength, (I)ntelligence, or (D)exterity?
You feel stronger. x2; Your demonic ancestry asserts itself...
A wave of death washes over you.
Your transformation is almost over.
Your horns disappear.
Your talons disappear.
Done exploring.
Done exploring.
Done exploring.
Done exploring.
Unknown command.
Done exploring.
(D) Dungeon
Where to? (? - help)
There is a stone staircase leading down here.
You climb downwards.
There is a stone staircase leading up here.
You pick up a book of Vapours and begin reading...
You add the spells Poisonous Vapours, Cigotuvi's Dreadful Rot and Mephitic Cloud to your library.
Found a stone staircase leading down.
There is a stone staircase leading down here.
You open the door.
There is an open door here.
As you open the door, it creaks loudly!
A frilled lizard and a rat come into view.
The frilled lizard hisses angrily.
You hear an angry hiss.
Found 3 poisoned darts.
There are monsters nearby!
There are monsters nearby!
There are monsters nearby!
A ball python comes into view.
The ball python hisses angrily.
There is an open door here.
You grow a pair of large bovine horns.
Your feet morph into talons.
The frilled lizard misses you.
You barely miss the frilled lizard. You claw the frilled lizard.
You kill the frilled lizard!
Found 3 gold pieces.
You see here a frilled lizard corpse.
You hit the ball python. You claw the ball python.
The ball python is heavily wounded.
The rat completely misses you. The ball python misses you.
The ball python grabs you. The ball python constricts you.
You hit the ball python.
You kill the ball python!
The rat bites you.
You barely miss the rat. Your kick misses the rat.
Your headbutt misses the rat. The rat bites you.
You barely miss the rat. The rat misses you.
You closely miss the rat. Your kick misses the rat.
Your headbutt misses the rat. The rat misses you.
You hit the rat.
You kill the rat!
Your transformation is almost over.
Your Unarmed Combat skill increases to level 4!
No target in view!
No target in view!
No target in view!
No target in view!
No target in view!
No target in view!
You see here a rat corpse.
You see here 3 poisoned darts.
k - 3 poisoned darts You now have 11 gold pieces (gained 3).
Your horns disappear.
Your talons disappear.
As you open the door, it creaks loudly!
A bat comes into view.
You hear an angry hiss.
A bat is nearby!
A bat is nearby!
A bat is nearby!
You grow a pair of large bovine horns.
Your feet morph into talons.
The bat barely misses you. The bat hits you.
You hit the bat.
You kill the bat!
A frilled lizard comes into view.
Found 9 gold pieces.
There is an open door here.
You see here a bat corpse.
Found an escape hatch in the ceiling.
Your transformation is almost over.
The frilled lizard bites you.
You hit the frilled lizard.
The frilled lizard is heavily wounded.
The frilled lizard closely misses you.
You hit the frilled lizard but do no damage.
You claw the frilled lizard.
You kill the frilled lizard!
No target in view!
No target in view!
No target in view!
Magic restored.
HP restored.
Your horns disappear.
Your talons disappear.
You now have 20 gold pieces (gained 9).
Found a mace.
You see here a +0 mace.
A hobgoblin comes into view.
A hobgoblin is nearby!
The hobgoblin shouts!
You miscast Beastly Appendage.
You are very lightly contaminated with residual magic.
Nothing appears to happen.
The hobgoblin misses you.
You hit the hobgoblin.
The hobgoblin is moderately wounded.
The hobgoblin misses you.
You barely miss the hobgoblin.
The hobgoblin is moderately wounded.
The hobgoblin hits you.
You hit the hobgoblin.
You kill the hobgoblin!
No target in view!
No target in view!
No target in view!
No target in view!
Your magical contamination has completely faded away.
Found a stone staircase leading up.
Found an escape hatch in the floor.
You open the door.
An endoplasm comes into view.
Found a whip and 5 gold pieces.
An endoplasm is nearby!
The endoplasm quivers.
There is an open door here.
You grow a pair of large bovine horns.
Your feet morph into talons.
Your transformation is almost over.
You hit the endoplasm.
You kill the endoplasm!
No target in view!
No target in view!
No target in view!
No target in view!
No target in view!
Your horns disappear.
Your talons disappear.
You now have 25 gold pieces (gained 5).
You open the door.
Found a falchion.
There is an open door here.
A kobold comes into view. It is wielding a +0 dagger.
A kobold is nearby!
A kobold is nearby!
You grow a pair of large bovine horns.
Your feet morph into talons.
The kobold shouts!
The kobold throws a stone.
The stone misses you.
Your transformation is almost over.
The kobold barely misses you.
You hit the kobold.
You kill the kobold!
No target in view!
No target in view!
No target in view!
No target in view!
No target in view!
No target in view!
Things that are here:
a +0 dagger; 3 stones; a kobold corpse Your horns disappear.
Your talons disappear.
An endoplasm comes into view.
The endoplasm quivers.
An endoplasm is nearby!
An endoplasm is nearby!
An endoplasm is nearby!
You grow a pair of large bovine horns.
Your feet morph into talons.
You punch the endoplasm!
You kill the endoplasm!
No target in view!
No target in view!
No target in view!
No target in view!
No target in view!
Your transformation is almost over.
Found 4 stones.
Your horns disappear.
Your talons disappear.
You see here 4 stones.
Found a stone staircase leading down.
There is a stone staircase leading down here.
A kobold comes into view. It is wielding a +0 dagger.
A kobold is nearby!
You grow a pair of large bovine horns.
Your feet morph into talons.
The kobold hits you with a +0 dagger.
You hit the kobold.
You kill the kobold!
No target in view!
No target in view!
No target in view!
No target in view!
No target in view!
No target in view!
No target in view!
Your transformation is almost over.
Things that are here:
a +0 dagger; a kobold corpse Your horns disappear.
Your talons disappear.
You pick up Maxwell's Memoranda and begin reading...
You add the spells Vhi's Electric Charge, Arcjolt and Maxwell's Capacitive Coupling to your library.
Found 9 stones.
A bat comes into view.
A bat is nearby!
A bat is nearby!
A bat is nearby!
A bat is nearby!
A bat is nearby!
A bat is nearby!
You miscast Beastly Appendage.
You are very lightly contaminated with residual magic.
Nothing appears to happen.
The bat hits you but does no damage.
You closely miss the bat. The bat closely misses you.
The bat barely misses you.
You hit the bat.
You kill the bat!
No target in view!
No target in view!
No target in view!
No target in view!
No target in view!
Your magical contamination has completely faded away.
You open the door.
There is an open door here.
l - a scroll labelled PADGHEF ZUIMYXUA You open the door.
There is an open door here.
Found 2 stones.
A ball python comes into view.
Found a stone staircase leading up.
You grow a pair of large bovine horns.
Your feet morph into talons.
The ball python hisses angrily.
You punch the ball python!
You kill the ball python!
No target in view!
Your transformation is almost over.
Your horns disappear.
Your talons disappear.
m - a scroll labelled UFEIMA BAFUD A dart slug comes into view.
The dart slug launches a dart at you. The slug dart hits you.
There is a stone staircase leading up here.
A dart slug is nearby!
The dart slug barely misses you.
You grow a pair of large bovine horns.
Your feet morph into talons.
You hit the dart slug.
You claw the dart slug, but do no damage.
You headbutt the dart slug.
You kill the dart slug!
No target in view!
No target in view!
No target in view!
No target in view!
No target in view!
No target in view!
Your transformation is almost over.
Your horns disappear.
Your talons disappear.
You see here a dart slug corpse.
You see here a dart slug corpse.
There is a stone staircase leading up here.
Found a leather armour.
You open the door.
There is an open door here.
There is an open door here.
A frilled lizard comes into view.
The frilled lizard hisses angrily.
A frilled lizard is nearby!
A ball python comes into view.
The frilled lizard barely misses you.
You miscast Beastly Appendage.
You are very lightly contaminated with residual magic.
Nothing appears to happen.
The ball python hisses angrily.
The frilled lizard bites you but does no damage.
You hit the frilled lizard.
You kill the frilled lizard!
The ball python misses you. The ball python grabs you.
The ball python constricts you.
You hit the ball python.
You kill the ball python!
No target in view!
Your magical contamination has completely faded away.
Things that are here:
a ball python corpse; a frilled lizard corpse
Found a stone staircase leading down.
There is an open door here.
You open the door.
There is an open door here.
You open the door.
There is an open door here.
There is an open door here.
You see here 9 stones.
Done exploring.
Done exploring.
Done exploring.
No target in view!
(D) Dungeon
Where to? (Enter - D:2, ? - help)
You see here a +0 dagger.
There is a stone staircase leading down here.
You climb downwards.
Found a stone staircase leading up and a stone staircase leading down.
There is a stone staircase leading up here.
An endoplasm is nearby!
An endoplasm is nearby!
You grow a pair of large bovine horns.
Your feet morph into talons.
Found a scroll labelled BOJEIN FYTS.
A ball python comes into view.
Your transformation is almost over.
You barely miss the endoplasm. You headbutt the endoplasm.
The endoplasm is heavily wounded.
You punch the endoplasm!
You kill the endoplasm!
The ball python hisses angrily.
Found a hand axe.
You hit the ball python. You claw the ball python.
You kill the ball python!
No target in view!
No target in view!
Magic restored.
You see here a ball python corpse.
n - a scroll labelled BOJEIN FYTS Your horns disappear.
Your talons disappear. 2 endoplasms come into view.
Found an escape hatch in the floor.
There are monsters nearby!
There are monsters nearby!
The endoplasm quivers.
You grow a pair of large bovine horns.
Your feet morph into talons.
Your transformation is almost over.
The endoplasm quivers.
You barely miss the endoplasm. You claw the endoplasm.
You kill the endoplasm!
The endoplasm hits you but does no damage.
You hit the endoplasm.
You kill the endoplasm!
No target in view!
No target in view!
No target in view!
Your horns disappear.
Your talons disappear.
An endoplasm comes into view.
An endoplasm is nearby!
An endoplasm is nearby!
An endoplasm is nearby!
An endoplasm comes into view.
The endoplasm quivers.
The endoplasm quivers.
Found 2 fuming ruby potions.
You miscast Beastly Appendage.
You are very lightly contaminated with residual magic.
Nothing appears to happen.
You hit the endoplasm.
You kill the endoplasm!
You hit the endoplasm but do no damage. The endoplasm freezes you.
You are frozen.
You punch the endoplasm!
You kill the endoplasm!
No target in view!
No target in view!
No target in view!
No target in view!
No target in view!
No target in view!
Your magical contamination has completely faded away.
Found an escape hatch in the ceiling.
o - a fizzy golden potion A quokka comes into view.
A quokka is nearby!
You grow a pair of large bovine horns.
Your feet morph into talons.
Found a spear and a book of Dreams.
You see here 6 gold pieces.
You miss the quokka. Your kick misses the quokka. You headbutt the quokka.
You kill the quokka!
No target in view!
No target in view!
No target in view!
No target in view!
Your transformation is almost over.
You now have 31 gold pieces (gained 6).
A worm comes into view.
A worm is nearby!
A worm is nearby!
A worm is nearby!
You extend your transformation's duration.
You hit the worm.
The worm is lightly wounded.
You hit the worm.
The worm is heavily wounded.
Your transformation is almost over.
The worm bites you!
You are too injured to fight recklessly!
You are too injured to fight recklessly!
You are too injured to fight recklessly!
You are too injured to fight recklessly!
You are too injured to fight recklessly!
You are too injured to fight recklessly!
You are too injured to fight recklessly!
You hit the worm.
The worm is heavily wounded.
The worm barely misses you.
You hit the worm.
The worm is severely wounded.
You hit the worm but do no damage. You claw the worm.
The worm is almost dead.
The worm misses you.
You hit the worm.
You kill the worm!
Your horns disappear.
Your talons disappear.
HP restored.
Found a shimmering altar of Xom.
You pick up a book of Dreams and begin reading...
You add the spells Ensorcelled Hibernation and Anguish to your library.
You open the door.
Found a stone staircase leading down.
There is an open door here.
There is a stone staircase leading down here.
i - 2 scrolls labelled UMAUCO UZXAO (gained 1)
There is a stone staircase leading down here.
An adder comes into view.
An adder is nearby!
An adder is nearby!
An orc comes into view. It is wielding a +0 club.
The adder hisses angrily.
The orc shouts!
You grow a pair of large bovine horns.
Your feet morph into talons.
An orc priest comes into view. It is wielding a +0 hand axe.
The adder bites you.
The orc priest shouts!
You hit the adder. You headbutt the adder.
The adder is severely wounded.
You hear a shout!
The orc priest invokes the aid of Beogh against you.
Beogh smites you!
* * * LOW HITPOINT WARNING * * *
The adder barely misses you.
There is a stone staircase leading down here.
The adder barely misses you. The adder bites you.
* * * LOW HITPOINT WARNING * * *
You climb downwards.
There is a stone staircase leading up here.
You hit the adder but do no damage. Your kick misses the adder.
Your headbutt misses the adder.
The adder is severely wounded.
Your transformation is almost over.
The adder completely misses you.
You punch the adder!
You kill the adder!
You have reached level 4!
You feel stronger.
Your demonic ancestry asserts itself...
Your talons look more like feet.
Your talons dull and shrink into feet.
Your feet thicken and deform.
You start resting.
Your horns disappear.
Magic restored.
You start resting.
HP restored.
Unknown command.
You climb upwards.
The orc hits you but does no damage.
There is a stone staircase leading down here.
You miscast Beastly Appendage.
You are very lightly contaminated with residual magic.
Nothing appears to happen.
You hit the orc. You kick the orc, but do no damage.
The orc is lightly wounded.
The orc hits you with a +0 club.
The orc priest calls down the wrath of Beogh upon you.
Beogh smites you! The orc misses you.
You climb downwards.
There is a stone staircase leading up here.
You are too injured to fight recklessly!
You are too injured to fight recklessly!
You are too injured to fight recklessly!
You are too injured to fight recklessly!
You are too injured to fight recklessly!
You hit the orc. Your kick misses the orc.
The orc is almost dead.
The orc closely misses you.
You barely miss the orc. You kick the orc, but do no damage.
The orc is almost dead.
The orc closely misses you.
You hit the orc.
You kill the orc!
Your magical contamination has completely faded away.
Things that are here:
a +0 club; an orc corpse; an adder corpse You start resting.
Magic restored.
There is a stone staircase leading up here.
You start resting.
HP restored.
Casting: Beastly Appendage (safe; 12% risk of failure)
Confirm with . or Enter, or press ? or * to list all spells.
You grow a pair of large bovine horns.
Your feet morph into talons.
Your transformation is almost over.
You climb upwards.
The orc priest mumbles some strange prayers to Beogh against you.
Beogh smites you!
There is a stone staircase leading down here.
You are too injured to fight recklessly!
You are too injured to fight recklessly!
You are too injured to fight recklessly!
You are too injured to fight recklessly!
You are too injured to fight recklessly!
The orc priest hits you with a +0 hand axe.
* * * LOW HITPOINT WARNING * * *
You hit the orc priest.
You claw the orc priest, but do no damage.
The orc priest is moderately wounded.
The orc priest begins to cast a cantrip, but forgets the words!
You hit the orc priest.
The orc priest is severely wounded.
The orc priest barely misses you.
You closely miss the orc priest.
The orc priest is severely wounded.
The orc priest hits you with a +0 hand axe.
* * * LOW HITPOINT WARNING * * *
You closely miss the orc priest. Your kick misses the orc priest.
The orc priest is severely wounded.
The orc priest hits you with a +0 hand axe.
* * * LOW HITPOINT WARNING * * *
You hit the orc priest. Your headbutt misses the orc priest.
The orc priest is severely wounded.
The orc priest hits you with a +0 hand axe.
* * * LOW HITPOINT WARNING * * *
You hit the orc priest but do no damage.
The orc priest is severely wounded.
The orc priest hits you with a +0 hand axe.
You die...

##.
####............
..#
###............. ..
#.'.....).......
#.#
#.#.............
..##.#..........###
..#.###+########
#.#.#...# #o#.#.###
#.@>..# #######


You could see an orc priest.

Vanquished Creatures
  A gnoll (D:1)
  An adder (D:4)
  A worm (D:3)
  A dart slug (D:2)
  An orc (D:4)
  4 ball pythons
  8 endoplasms
  A giant cockroach (D:1)
  3 goblins (D:1)
  10 hobgoblins
  A quokka (D:3)
  5 bats
  4 frilled lizards
  2 kobolds (D:2)
  2 rats
45 creatures vanquished.

Notes
Turn   | Place    | Note
-------+----------+-------------------------------------------
     0 | D:1      | sleeves the Demonspawn Transmuter began the quest for the
                  | Orb.
     0 | D:1      | Reached XP level 1. HP: 15/15 MP: 3/3
   109 | D:1      | Reached skill level 3 in Unarmed Combat
   322 | D:1      | Gained mutation: Your movements are slightly less
                  | encumbered by armour. (ER -2) [demonic ancestry]
   322 | D:1      | Reached XP level 2. HP: 17/21 MP: 3/5
   710 | D:1      | Gained mutation: You regenerate a little health from kills.
                  | [demonic ancestry]
   710 | D:1      | Reached XP level 3. HP: 15/26 MP: 4/6
   994 | D:2      | Reached skill level 4 in Unarmed Combat
  1809 | D:3      | Found a shimmering altar of Xom.
  1834 | D:3      | HP: 11/26 [orc priest/divine providence (12)]
  1841 | D:4      | Lost mutation: You have razor-sharp toenails. [demonic
                  | ancestry]
  1841 | D:4      | Lost mutation: You have sharp toenails. [demonic ancestry]
  1841 | D:4      | Gained mutation: You have large cloven feet. [demonic
                  | ancestry]
  1841 | D:4      | Reached XP level 4. HP: 11/32 MP: 5/7
  1968 | D:3      | HP: 15/32 [orc priest/+0 hand axe (3)]
  1972 | D:3      | HP: 7/32 [orc priest/+0 hand axe (5)]
  1973 | D:3      | HP: 2/32 [orc priest/+0 hand axe (5)]
  1974 | D:3      | Slain by an orc priest

Illustrated notes

Levels and vault maps discovered:
D:1:      dpeg_arrival_arbitrary_a, layout_rooms, serial_forest,
          infiniplex_forest_clump_curved, infiniplex_forest_lined_3,
          infiniplex_forest_pool, infiniplex_forest_corner_2,
          infiniplex_forest_lined_3, infiniplex_forest_pool,
          infiniplex_forest_zigzag_1, infiniplex_forest_end_2, interstate_on_off
D:2:      layout_loops_corners
D:3:      layout_basic, mainiacjoe_overflow_concentric_impassable,
          gammafunk_temple_overflow_pools, uniq_jessica
D:4:      layout_loops_ring, beargit_hepliaklqana_dungeon_heroes,
          elyvilon_altar_1, lemuel_crystal_altar, tgw_trog, uniq_duvessa,
          uniq_robin

Skill      XL: |  1  2  3 |
---------------+----------+-----
Unarmed Combat | 3 4 |  4.5
Fighting       | |  1.0
Dodging        | |  1.7
Spellcasting   | |  2.0
Transmutations | |  1.7

Action                   |  1- 3 |  4- 6 || total
-------------------------+-------+-------++-------
Melee: Unarmed           |    97 |    10 ||   107
       Headbutt          |    11 |       ||    11
       Kick              |    19 |     3 ||    22
       Punch             |     1 |       ||     1
 Cast: Beastly Appendage |    25 |     1 ||    26
Armor: Robe              |    11 |     1 ||    12
Dodge: Dodged            |    57 |     4 ||    61

Table legend: (Time is in decaauts)
 A = Elapsed time spent in this place.
 B = Non-inter-level travel time spent in this place.
 C = Inter-level travel time spent in this place.
 D = Time resting spent in this place.
 E = Time spent auto-exploring this place.
 F = Levels seen in this place.
 G = Mean time per level.
                   A        B        C        D        E       F      G
               +--------+--------+--------+--------+--------+-----+--------+
         Total |   1968 |   1910 |     58 |    113 |   1502 |   4 |  492.0 |
       Dungeon |   1968 |   1910 |     58 |    113 |   1502 |   4 |  492.0 |
               +--------+--------+--------+--------+--------+-----+--------+

Top non-repeatable levels by time:
     D:2: 888 daAuts
     D:1: 813 daAuts
     D:3: 142 daAuts
     D:4: 124 daAuts
